Map: Tours du crépuscule

Players

Nagorah

  • Race: Zerg Zerg
  • League: Silver
  • Spawn Location: 7:00

zidar - Winner!

  • Race: Zerg Zerg
  • League: Silver
  • Spawn Location: 1:00

VOD

Have the link to the VOD?

Description

Time

  • Played on: Jan. 18, 2016, 1:20 p.m.
  • Length: 6:19
Show
View Real Time Build Order
Export as new Build Order

Nagorah Zerg 

Build Orders: 1 Base Baneling Bust, Pool First 

Get SALT Encoding   

  12  0:03  Drone  
  13  0:08  Drone  
  14  0:14  Extractor  
  14  0:15  Drone  
  14  0:33  Spawning Pool  
  13  0:44  Drone  
  13  0:47  Overlord  
  14  1:06  Extractor  
  14  1:07  Drone x3  
  17  1:18  Drone  
  17  1:20  Metabolic Boost  
  18  1:31  Queen  
  20  1:35  Zergling x2  
  21  1:46  Baneling Nest  
  20  1:48  Drone  
  20  1:52  Zergling x2  
  22  2:02  Overlord  
  22  2:21  Queen  
  24  2:24  Zergling x4  
  26  2:37  Zergling x2  
  27  2:59  Hatchery  
  26  3:16  Baneling x3  
  26  3:17  Baneling x2  
  26  3:21  Drone x4  
  30  3:29  Roach Warren  
  30  3:55  Spine Crawler, Zergling x2  
  30  3:56  Zergling x2  
  30  4:07  Overlord  
  30  4:08  Overlord x2  
  30  4:16  Drone x4  
  34  4:24  Baneling x4  
  29  4:49  Lair  
  29  4:51  Queen  
  31  4:55  Drone x3  
  34  5:06  Roach x3  
  40  5:18  Drone x2  
  40  5:19  Drone x2  
  44  5:27  Queen  
  46  5:32  Drone x4  
  50  5:42  Extractor  
  49  5:43  Drone x2  
  49  5:49  Drone  
Show
View Real Time Build Order
Export as new Build Order

zidar Zerg - Winner!

Build Orders: Pool First 

Get SALT Encoding   

  12  0:02  Drone  
  13  0:12  Overlord  
  13  0:18  Drone  
  14  0:31  Drone x2  
  14  0:34  Drone  
  17  0:47  Spawning Pool  
  16  0:50  Drone  
  17  1:15  Hatchery  
  17  1:17  Drone  
  17  1:20  Extractor  
  17  1:22  Drone  
  17  1:25  Drone  
  18  1:40  Spine Crawler  
  18  1:41  Drone x2  
  19  1:53  Queen  
  21  2:07  Drone  
  21  2:19  Roach Warren  
  20  2:28  Drone x2  
  20  2:29  Queen  
  24  2:40  Extractor  
  24  2:42  Drone x2  
  25  2:45  Overlord  
  25  3:16  Drone x9  
  34  3:31  Evolution Chamber  
  33  3:46  Overlord x2  
  33  4:06  Roach  
  33  4:07  Roach x7  
  49  4:10  Zerg Missile Weapons Level 1  
  49  4:25  Roach  
  49  4:29  Overlord  
  49  4:30  Overlord  
  51  4:53  Roach  
  51  4:54  Roach x7  
  67  5:00  Overlord  
  67  5:01  Overlord  
  67  5:05  Lair  
  67  5:28  Drone x3  
  70  5:45  Hatchery  
Tags
 
Add a new tag
Caveats
  • Supply blocks, unpowered buildings, or Contaminate may cause inaccurate times.
  • Supply counts are checked every 10 seconds.